Map: Eternal Empire LE

Players

Probe

  • Race: Protoss Protoss
  • Spawn Location: 1:00

Seither - Winner!

  • Race: Terran Terran
  • Spawn Location: 7:00

Event: DreamHack SC2 Masters 2020 Summer Oceania RoA

VOD

Have the link to the VOD?

Description

Time

  • Played on: June 27, 2020, 5:19 a.m.
  • Length: 10:07

All games in this series

Show
View Real Time Build Order
Export as new Build Order

Probe Protoss 

Build Orders: 1 Gate Expand, Blink Stalkers 

Get SALT Encoding   

  12  0:00  Probe  
  13  0:13  Probe  
  14  0:18  Pylon  
  14  0:24  Probe  
  15  0:32  Probe  
  15  0:37  Gateway  
  15  0:40  Probe  
  16  0:46  Assimilator  
  17  0:51  Probe  
  18  1:03  Probe  
  19  1:15  Probe  
  20  1:24  Cybernetics Core  
  20  1:32  Nexus  
  20  1:35  Probe  
  21  1:42  Pylon  
  21  1:47  Probe  
  21  1:50  Adept  
  21  1:52  Assimilator  
  22  1:59  Probe  
  25  2:09  Shield Battery  
  25  2:11  Probe  
  25  2:13  Stalker  
  28  2:28  Warp Gate  
  28  2:29  Probe  
  29  2:41  Probe  
  29  2:42  Sentry, Probe  
  32  2:50  Probe  
  33  2:53  Probe  
  35  2:59  Probe  
  35  3:05  Probe  
  37  3:08  Twilight Council  
  37  3:11  Probe  
  38  3:15  Probe  
  39  3:23  Probe x2  
  39  3:24  Gateway  
  40  3:27  Blink  
  40  3:32  Probe  
  41  3:35  Probe  
  41  3:36  Pylon  
  41  3:38  Robotics Facility  
  43  3:43  Probe  
  43  3:47  Probe  
  45  3:56  Probe  
  45  4:00  Probe  
  47  4:03  Nexus  
  47  4:08  Probe  
  48  4:12  Probe  
  49  4:18  Stalker x2  
  49  4:20  Pylon, Probe  
  54  4:28  Pylon  
  54  4:30  Observer  
  54  4:35  Probe  
  54  4:39  Probe  
  54  4:43  Assimilator  
  54  4:44  Assimilator  
  55  4:47  Probe  
  55  4:49  Gateway, Forge, Pylon  
  55  4:51  Observer  
  55  4:52  Gateway  
  56  4:58  Probe  
  56  4:59  Probe  
  59  5:01  Protoss Ground Armor Level 1  
  59  5:04  Stalker  
  59  5:05  Stalker  
  63  5:10  Probe  
  63  5:11  Probe  
  63  5:14  Shield Battery  
  65  5:16  Probe  
  65  5:18  Charge  
  66  5:22  Immortal, Observer  
  68  5:35  Probe x2  
  67  5:40  Gateway  
  67  5:43  Probe  
  67  5:47  Probe  
  67  5:48  Gateway, Probe  
  70  5:56  Probe  
  71  5:59  Probe  
  71  6:02  Gateway  
  71  6:03  Gateway  
  71  6:05  Stalker  
  71  6:06  Observer  
  71  6:09  Photon Cannon  
  73  6:15  Stalker x2  
  76  6:18  Probe x2  
  76  6:22  Pylon  
  76  6:25  Probe  
  79  6:30  Probe  
  79  6:31  Probe  
  81  6:33  Stalker x2  
  81  6:37  Probe  
  86  6:43  Probe  
  86  6:46  Probe  
  88  6:49  Templar Archives, Probe  
  88  6:51  Assimilator  
  88  6:53  Assimilator  
  89  6:54  Pylon  
  89  6:55  Zealot, Probe  
  89  6:56  Zealot  
  89  6:58  Probe  
  95  7:02  Forge, Probe  
  95  7:04  Protoss Ground Armor Level 2  
  95  7:05  Psionic Storm  
  95  7:07  Probe  
  97  7:11  Probe  
  97  7:14  Probe  
  99  7:19  Zealot, Probe  
  101  7:24  Protoss Ground Weapons Level 1  
  101  7:27  High Templar, Pylon  
  101  7:28  Pylon  
  101  7:29  High Templar, Pylon  
  105  7:35  Probe x2  
  105  7:36  Zealot  
  109  7:43  Zealot  
  109  7:46  Zealot x3  
  113  7:54  Pylon  
  113  7:55  Zealot  
  113  7:57  Pylon  
  115  7:59  High Templar  
  115  8:01  High Templar  
  115  8:02  Probe  
  120  8:07  Pylon  
  120  8:09  Pylon  
  120  8:10  Pylon  
  120  8:24  High Templar  
  120  8:25  High Templar  
  120  8:26  Zealot x4  
  132  8:36  Nexus  
  132  8:37  Pylon  
  132  8:40  Zealot x2  
  132  8:55  Zealot  
  132  8:56  Zealot x3  
  132  9:00  Robotics Bay  
  132  9:02  Robotics Facility  
  140  9:05  Zealot x4  
  140  9:07  Nexus  
  140  9:19  Zealot x4  
  146  9:29  Zealot x4  
  146  9:30  Archon  
  93  9:47  Zealot x4  
Show
View Real Time Build Order
Export as new Build Order

Seither Terran - Winner!

Build Orders: Reaper Expand 

Get SALT Encoding   

  12  0:00  SCV  
  13  0:12  SCV  
  14  0:17  Supply Depot  
  14  0:25  SCV  
  15  0:38  SCV  
  15  0:40  Barracks  
  16  0:44  Refinery  
  16  0:51  SCV  
  17  1:03  SCV  
  18  1:15  SCV  
  19  1:27  Orbital Command  
  19  1:28  Reaper  
  20  1:42  Command Center  
  20  1:55  SCV  
  20  1:57  Bunker  
  20  2:00  Marine  
  22  2:07  Supply Depot  
  22  2:08  SCV  
  23  2:17  Factory  
  23  2:24  Barracks Reactor  
  23  2:28  SCV  
  24  2:33  Refinery  
  24  2:38  Bunker  
  24  2:41  SCV  
  25  2:53  SCV  
  25  2:55  Orbital Command  
  26  3:03  Starport, Marine  
  26  3:05  SCV  
  27  3:12  Hellion  
  29  3:17  SCV  
  30  3:22  SCV  
  30  3:25  Marine x2  
  33  3:29  SCV  
  33  3:33  Factory Tech Lab  
  33  3:34  SCV  
  35  3:41  Supply Depot, SCV  
  35  3:45  Marine x2  
  35  3:46  SCV  
  39  3:53  SCV  
  39  3:54  Banshee  
  43  3:58  SCV  
  43  4:01  Factory Tech Lab  
  44  4:03  Marine x2  
  44  4:05  SCV  
  44  4:09  Supply Depot, Cloaking Field  
  47  4:10  SCV  
  48  4:17  SCV  
  48  4:19  Siege Tank  
  48  4:21  Marine x2  
  54  4:24  Supply Depot  
  54  4:30  SCV x2  
  54  4:39  Banshee  
  54  4:40  Marine x2  
  54  4:43  Command Center, SCV  
  60  4:47  Bunker  
  60  4:48  SCV  
  61  4:55  Siege Tank, SCV  
  61  4:58  Marine x2  
  67  5:00  SCV  
  67  5:01  Supply Depot  
  68  5:12  Barracks  
  68  5:13  Barracks  
  68  5:17  SCV x2  
  69  5:23  Refinery  
  69  5:24  Engineering Bay  
  69  5:25  Refinery  
  69  5:29  SCV x2  
  71  5:36  Marine  
  71  5:38  Siege Tank  
  71  5:40  Starport Reactor  
  71  5:41  SCV x2  
  77  5:43  Supply Depot  
  77  5:47  Marine  
  78  5:52  Terran Infantry Weapons Level 1  
  78  5:55  SCV x2  
  78  5:56  Barracks  
  80  5:57  Barracks  
  80  6:05  Marine x2  
  80  6:06  SCV  
  80  6:07  SCV  
  84  6:18  Stimpack, Marauder  
  86  6:19  Orbital Command  
  86  6:20  SCV x2  
  86  6:24  Supply Depot  
  86  6:25  Marauder, Marine x2  
  92  6:32  SCV x2  
  94  6:36  Factory Reactor  
  94  6:37  Combat Shield, Medivac x2  
  98  6:44  SCV x2  
  98  6:46  Orbital Command  
  97  6:47  Marine  
  97  6:48  Barracks Reactor, Marine, Barracks Tech Lab  
  97  6:49  Marauder x2  
  103  6:55  Supply Depot  
  103  6:56  SCV x2  
  105  7:05  Marine x2  
  107  7:08  SCV x2  
  107  7:11  Supply Depot  
  109  7:16  Marauder x2, Widow Mine x2  
  109  7:19  Supply Depot  
  117  7:23  Concussive Shells  
  117  7:27  Supply Depot  
  117  7:32  Ghost Academy, SCV x2, Medivac x2  
  117  7:33  Refinery, Marauder  
  117  7:34  Refinery  
  117  7:35  Supply Depot  
  125  7:43  Supply Depot, Marine, Marauder x2  
  130  7:44  SCV  
  130  7:45  Marine  
  132  7:52  Widow Mine x2  
  132  7:54  Marauder  
  132  7:55  SCV x2  
  140  7:59  Supply Depot  
  140  8:05  Supply Depot, Ghost x2  
  142  8:09  Marine  
  142  8:10  Marine x3  
  142  8:11  SCV x3  
  151  8:15  Ghost  
  150  8:20  Enhanced Shockwaves  
  150  8:25  Missile Turret  
  150  8:26  Missile Turret  
  149  8:28  Widow Mine x2  
  149  8:29  Medivac  
  149  8:30  Medivac  
  149  8:33  Marine x4  
  161  8:39  Supply Depot x2  
  157  8:53  Marauder x3, Marine x3  
  166  9:02  Marine  
  167  9:06  Command Center  
  167  9:08  Medivac x2  
  171  9:11  Marine  
  171  9:14  Marauder  
  171  9:15  Marauder  
  173  9:21  Marauder, Marine x3  
  174  9:31  Marine  
  174  9:36  Marauder x2  
  171  9:39  Marine x3  
  171  9:42  Marauder  
Tags
 
Add a new tag
Caveats
  • Supply blocks, unpowered buildings, or Contaminate may cause inaccurate times.
  • Supply counts are checked every 10 seconds.